Map: Orbital Shipyard

Players

LilDicky

  • Race: Terran Terran
  • League: Diamond

CheeseGrater - Winner!

  • Race: Zerg Zerg
  • League: Diamond

VOD

http://www.twitch.tv/tumescentpie

Description

Time

  • Played on: Dec. 4, 2015, 9:07 a.m.
  • Length: 8:03
Show
View Real Time Build Order
Export as new Build Order

LilDicky Terran 

Build Orders: Reaper Expand, MMM Bio 

Get SALT Encoding   

  12  0:01  SCV  
  13  0:13  SCV  
  14  0:23  Supply Depot  
  14  0:25  SCV  
  15  0:30  Refinery  
  15  0:44  SCV  
  15  0:49  Barracks  
  16  0:57  SCV  
  17  1:09  SCV  
  18  1:21  SCV  
  19  1:36  Reaper  
  19  1:38  Orbital Command  
  20  1:47  Command Center  
  20  1:59  Barracks  
  20  2:14  Barracks Tech Lab  
  20  2:21  Supply Depot, Barracks  
  20  2:29  SCV  
  21  2:41  Marine  
  21  2:42  Stimpack  
  21  2:45  Refinery  
  21  2:47  SCV  
  22  2:56  Barracks Tech Lab  
  22  3:01  Orbital Command  
  22  3:04  Marine  
  23  3:06  SCV  
  23  3:09  Barracks Reactor  
  24  3:16  Combat Shields  
  24  3:22  Engineering Bay  
  24  3:25  SCV  
  25  3:29  SCV  
  28  3:36  Supply Depot  
  28  3:38  Marauder  
  28  3:40  Marauder  
  30  3:43  SCV x2  
  30  3:45  Marine  
  30  3:46  Marine  
  34  3:51  Terran Infantry Weapons Level 1  
  34  3:55  SCV  
  35  3:58  SCV  
  35  4:00  Marauder  
  40  4:03  Marauder  
  40  4:07  Supply Depot  
  40  4:08  Marine  
  40  4:09  Marine  
  42  4:12  SCV  
  47  4:24  Marauder x2  
  47  4:26  Marine  
  47  4:27  Marine  
  49  4:35  Concussive Shells  
  49  4:42  Supply Depot  
  49  4:44  Factory, Marine  
  54  4:45  Marauder  
  54  4:46  Marauder  
  54  4:56  Marine  
  54  4:58  SCV  
  56  5:00  SCV  
  56  5:05  Supply Depot  
  61  5:07  Marauder x2  
  61  5:10  SCV  
  61  5:12  SCV  
  63  5:20  Supply Depot, Marine x2  
  67  5:28  Marauder  
  67  5:44  Marine  
  67  5:45  Marauder, Marine  
  71  5:56  Marine  
  72  6:02  Marine x2  
  71  6:07  Marauder  
  69  6:11  Factory Reactor  
  69  6:12  Starport  
  69  6:14  Marine  
  69  6:17  Command Center  
  57  6:20  Barracks, Marine x2  
  57  6:22  Supply Depot, Barracks  
  59  6:28  Marine  
  59  6:29  Armory  
  60  6:33  SCV x2  
  62  6:43  Marine  
  62  6:44  Marauder, Marine  
  62  6:45  SCV  
  62  6:46  Marauder  
  69  6:54  Supply Depot  
  69  6:55  Medivac x2  
  69  6:59  Refinery  
  73  7:01  Marine x2  
  73  7:02  Widow Mine  
  73  7:07  Supply Depot  
  64  7:28  Medivac  
  64  7:29  Marine x4  
  60  7:31  Orbital Command  
  60  7:35  Engineering Bay  
  60  7:40  Factory Tech Lab  
  60  7:42  Marauder x2  
  64  7:48  Barracks Tech Lab  
  64  7:49  Barracks Tech Lab  
Show
View Real Time Build Order
Export as new Build Order

CheeseGrater Zerg - Winner!

Build Orders: Hatch First 

Get SALT Encoding   

  12  0:01  Drone  
  13  0:13  Overlord  
  13  0:18  Drone  
  14  0:24  Extractor  
  14  0:25  Drone  
  15  0:37  Drone x2  
  17  0:55  Hatchery  
  16  1:00  Drone  
  16  1:01  Drone  
  18  1:06  Extractor  
  18  1:07  Drone  
  18  1:20  Spawning Pool  
  18  1:24  Drone  
  18  1:29  Overlord  
  18  1:39  Drone  
  19  1:51  Drone  
  20  2:07  Queen x2  
  24  2:09  Zergling x4  
  26  2:20  Drone x2  
  28  2:25  Drone  
  29  2:47  Metabolic Boost  
  29  2:49  Drone x3  
  29  2:50  Drone, Queen  
  35  2:53  Overlord  
  35  3:08  Hatchery  
  34  3:19  Drone x3  
  38  3:20  Drone x2, Overlord  
  38  3:21  Drone x2  
  41  3:38  Drone x3  
  41  3:39  Drone x2  
  46  3:55  Roach Warren  
  46  3:56  Drone  
  46  3:57  Drone x6  
  46  3:58  Evolution Chamber  
  51  4:06  Extractor x2  
  49  4:14  Overlord  
  49  4:15  Drone x2  
  49  4:17  Extractor  
  50  4:20  Overlord x2  
  50  4:31  Lair  
  50  4:42  Overlord  
  50  4:43  Drone x2  
  50  4:44  Drone x5, Queen  
  59  4:51  Zerg Missile Weapons Level 1  
  59  4:54  Overlord  
  59  5:03  Drone x4  
  59  5:06  Drone, Spine Crawler  
  59  5:07  Drone x5  
  68  5:17  Roach x2  
  72  5:24  Spine Crawler  
  72  5:25  Roach x2  
  76  5:34  Roach x2  
  76  5:42  Roach x3  
  76  5:52  Roach x2  
  69  6:05  Roach x2  
  69  6:06  Roach  
  67  6:21  Queen  
  69  6:27  Hatchery  
  69  6:28  Glial Reconstitution  
  68  6:36  Overlord  
  68  6:37  Ravager  
  68  6:38  Ravager x7  
  68  6:39  Hatchery, Overlord x2  
  75  6:40  Roach x3  
  75  6:41  Roach  
  85  7:01  Roach  
  85  7:02  Roach x6  
  85  7:05  Overseer  
  95  7:19  Roach x5  
  102  7:34  Drone x4  
  106  7:38  Drone x2  
  106  7:39  Drone  
  106  7:40  Overlord  
Tags
 
Add a new tag
Caveats
  • Supply blocks, unpowered buildings, or Contaminate may cause inaccurate times.
  • Supply counts are checked every 10 seconds.